 Dungeon Crawl Stone Soup version 0.30-a0-1124-g6e8f0f562f (webtiles) character file.

Game seed: 18235745606298977168

7036082 ragingrage the Plane Slitherer (level 27, 274/274 HPs)
             Began as a Naga Fighter on Apr 23, 2023.
             Was the Champion of the Shining One.
             Escaped with the Orb
             ... and 9 runes on Apr 24, 2023!
             The game lasted 02:24:39 (86154 turns).

ragingrage the Plane Slitherer (Naga Fighter)      Turns: 86154, Time: 02:24:39

Health: 274/274    AC: 61    Str: 31    XL:     27
Magic:  37/37      EV: 15    Int: 16    God:    the Shining One [******]
Gold:   4569       SH: 25    Dex: 12    Spells: 9/36 levels left

rFire   + + .        z - +4 consecrated labrys {holy, Valiant Fragile Fly SInv}
rCold   + + .        Z - +5 kite shield {reflect}
rNeg    + + +        b - +12 gold dragon scales
rPois   +            u - +2 helmet
rElec   +            U - +4 dragonskin cloak
rCorr   .            S - +2 pair of gloves {hurl}
SInv    +            L - +6 lightning scales {swift, rElec}
Will    ++++.        m - brooch of Shielding {Spirit SH+8} Stlth
                     q - ring "Earthly Heaven" {rF+ Will+ EV+5 Int+2}
HPRegen 0.65/turn    v - ring "Deuteen" {rC+ EV+5 Str+3}
MPRegen 0.25/turn

%: reflection, guardian spirit
@: flying, glowing, studying 2 skills, slow
A: AC +9, large, see invisible, deformed body, poison resistance, slowness 2,
spit poison 1, naga tail 2, stinger 1, clever 1
0: Orb of Zot
}: 9/15 runes: decaying, slimy, silver, abyssal, demonic, glowing, fiery, dark,
gossamer
a: Spit Poison, Renounce Religion, Divine Shield, Cleansing Flame, Summon Divine
Warrior, Brand Weapon With Holy Wrath


You escaped.
You worshipped the Shining One.
The Shining One was exalted by your worship.
You visited 14 branches of the dungeon, and saw 58 of its levels.
You visited Pandemonium 1 time, and saw 16 of its levels.
You visited the Abyss 4 times.
You visited 1 bazaar.
You also visited: Trove and Gauntlet.

You collected 10479 gold pieces.
You spent 5910 gold pieces at shops.

Inventory:

Hand Weapons
 z - the +4 consecrated labrys (weapon) {holy, Valiant Fragile Fly SInv}
   (You bought it in a shop on level 1 of the Elven Halls)

   Valiant:   It becomes more powerful as more dangerous foes come into view.
   SInv:      It lets you see invisible.
   Fly:       It grants you flight.
   Fragile:   It will be destroyed if unequipped.
Missiles
 l - 6 silver javelins
 r - 9 curare-tipped darts
 K - 17 boomerangs (quivered)
 R - 26 javelins
 X - a throwing net
Armour
 b - +12 gold dragon scales (worn)
 u - a +2 helmet (worn)
 L - the +6 lightning scales (worn) {swift, rElec}
   (Okawaru gifted it to you on level 2 of the Lair of Beasts)

   Swift:     It allows the wearer to cover ground more swiftly.
   rElec:     It insulates you from electricity.
 S - a +2 pair of gloves of hurling (worn)
 U - the +4 dragonskin cloak (worn)
   (You found it on level 2 of the Realm of Zot)

   Avatar's Aegis: It grants the wearer a chance to resist fire, cold, poison,
   electricity, acid, and negative energy.
 Z - a +5 kite shield of reflection (worn)
Jewellery
 m - the brooch of Shielding (around neck) {Spirit SH+8}
   (You bought it in a shop on level 1 of the Elven Halls)

   [amulet of guardian spirit]

   It causes incoming damage to be divided between your reserves of health and
   magic.
   SH:        It affects your SH (+8).
 q - the ring "Earthly Heaven" (left hand) {rF+ Will+ EV+5 Int+2}
   (You took it off a deep elf blademaster on level 3 of the Elven Halls)

   [ring of evasion]

   EV:        It affects your evasion (+5).
   Int:       It affects your intelligence (+2).
   rF:        It protects you from fire.
   Will:      It increases your willpower.
 v - the ring "Deuteen" (right hand) {rC+ EV+5 Str+3}
   (You found it in a treasure trove)

   [ring of evasion]

   EV:        It affects your evasion (+5).
   Str:       It affects your strength (+3).
   rC:        It protects you from cold.
 x - the ring "Tizoff" {rPois rF+ rN+ MP+9 Str+2}
   (You found it on level 3 of the Crypt)

   [ring of positive energy]

   Str:       It affects your strength (+2).
   rF:        It protects you from fire.
   rPois:     It protects you from poison.
   rN:        It protects you from negative energy.
   MP:        It affects your magic capacity (+9).
 J - a ring of resist corrosion
Wands
 c - a wand of mindburst (35)
 i - a wand of acid (88)
 p - a wand of polymorph (4)
 w - a wand of digging (10)
 H - a wand of roots (62)
 V - a wand of paralysis (90)
Scrolls
 o - 6 scrolls of vulnerability
 t - 8 scrolls of immolation
 B - 32 scrolls of teleportation
 C - 9 scrolls of poison
 D - 18 scrolls of fear
 E - 4 scrolls of silence
 G - 8 scrolls of blinking
 I - 13 scrolls of fog
 O - 5 scrolls of butterflies
 Y - 7 scrolls of magic mapping
Potions
 a - 5 potions of invisibility
 d - 13 potions of lignification
 e - 6 potions of brilliance
 f - 9 potions of might
 g - 19 potions of heal wounds
 h - 10 potions of mutation
 j - 30 potions of curing
 k - 7 potions of resistance
 A - 6 potions of haste
 F - 4 potions of magic
 N - 10 potions of flight
 P - 8 potions of ambrosia
 Q - 10 potions of berserk rage
 T - 7 potions of cancellation
 W - 7 potions of attraction
Miscellaneous
 n - a phial of floods
 s - a box of beasts
 y - a lightning rod (4/4)
 M - a phantom mirror


   Skills:
 + Level 21.4 Fighting
 - Level 18.0 Axes
 - Level 20.0 Throwing
 - Level 15.5 Armour
 - Level 9.0 Dodging
 - Level 16.0 Stealth
 - Level 14.0 Shields
 - Level 5.0 Spellcasting
 O Level 27 Translocations
 - Level 16.1 Transmutations
 - Level 7.0 Air Magic
 - Level 21.0 Invocations
 + Level 17.2 Evocations


You had 9 spell levels left.
You knew the following spells:

 Your Spells              Type           Power      Damage    Failure   Level
a - Wereblood             Tmut           53%        N/A       1%          2
b - Lesser Beckoning      Tloc           100%       N/A       0%          2
c - Blink                 Tloc           100%       N/A       0%          2
d - Vhi's Electric Charg  Tloc/Air       100%       N/A       1%          3
e - Apportation           Tloc           100%       N/A       0%          1
f - Manifold Assault      Tloc           74%        N/A       1%          4
g - Swiftness             Air            26%        N/A       45%         3
h - Passage of Golubria   Tloc           74%        N/A       1%          4
i - Dispersal             Tloc           37%        N/A       1%          6

Your spell library contained the following spells:

 Spells                   Type           Power      Damage    Failure   Level
 Gell's Gravitas          Tloc           74%        N/A       0%          3
 Teleport Other           Tloc           74%        N/A       0%          3
 Beastly Appendage        Tmut           100%       N/A       1%          1
 Momentum Strike          Conj/Tloc      94%        3d10      1%          2
 Volatile Blastmotes      Fire/Tloc      94%        2d17      3%          3
 Sting                    Tmut/Pois      100%       1d8       11%         1
 Blade Hands              Tmut           26%        N/A       11%         5
 Iskenderun's Mystic Bla  Conj/Tloc      47%        2d10      12%         4
 Passwall                 Tmut/Erth      24%        N/A       17%         2
 Disjunction              Tloc           37%        N/A       30%         8
 Spider Form              Tmut/Pois      29%        N/A       32%         3
 Summon Forest            Summ/Tloc      23%        N/A       32%         5
 Ignite Poison            Fire/Tmut/Pois 21%        N/A       69%         3
 Poisonous Vapours        Pois/Air       30%        N/A       71%         2
 Static Discharge         Conj/Air       30%        2-4/arc   71%         2
 Ice Form                 Ice/Tmut       29%        N/A       73%         4
 Airstrike                Air            13%        2d(2-18)  86%         4
 Cigotuvi's Dreadful Rot  Necr/Pois/Air  22%        N/A       87%         2
 Foxfire                  Conj/Fire      16%        2x1d4     96%         1
 Necrotise                Necr           16%        1d4       96%         1
 Sandblast                Erth           8%         2d5       96%         1
 Slow                     Hex            16%        N/A       96%         1
 Summon Small Mammal      Summ           16%        N/A       96%         1
 Irradiate                Conj/Tmut      14%        3d16      97%         5
 Yara's Violent Unravell  Hex/Tmut       14%        3d7       97%         5
 Mephitic Cloud           Conj/Pois/Air  11%        N/A       98%         3
 Dragon Form              Tmut           26%        N/A       98%         7
 Ensorcelled Hibernation  Hex/Ice        8%         N/A       99%         2
 Scorch                   Fire           8%         2d5       99%         2
 Sublimation of Blood     Necr           4%         N/A       99%         2
 Confusing Touch          Hex            4%         N/A       100%        3
 Dazzling Flash           Conj/Hex       8%         N/A       100%        3
 Hailstorm                Conj/Ice       4%         3d4       100%        3
 Inner Flame              Hex/Fire       4%         N/A       100%        3
 Ozocubu's Armour         Ice            4%         N/A       100%        3
 Stone Arrow              Conj/Erth      8%         3d7       100%        3
 Summon Guardian Golem    Hex/Summ       4%         N/A       100%        3
 Vampiric Draining        Necr           4%         2d6       100%        3
 Anguish                  Hex/Necr       2%         N/A       100%        4
 Dispel Undead            Necr           4%         3d7       100%        4
 Fulminant Prism          Conj/Hex       2%         3d5       100%        4
 Leda's Liquefaction      Hex/Erth       2%         N/A       100%        4
 Olgreb's Toxic Radiance  Pois           4%         N/A       100%        4
 Summon Lightning Spire   Summ/Air       15%        N/A       100%        4
 Agony                    Necr           4%         N/A       100%        5
 Arcjolt                  Conj/Air       7%         1d17      100%        5
 Fireball                 Conj/Fire      2%         3d4       100%        5
 Freezing Cloud           Conj/Ice/Air   5%         6-21      100%        5
 Iskenderun's Battlesphe  Conj           4%         2d6       100%        5
 Lee's Rapid Deconstruct  Erth           2%         3d4*      100%        5
 Metabolic Englaciation   Hex/Ice        2%         N/A       100%        5
 Silence                  Hex/Air        7%         N/A       100%        5
 Conjure Ball Lightning   Conj/Air       7%         3x3d6     100%        6
 Death Channel            Necr           2%         N/A       100%        6
 Eringya's Noxious Bog    Tmut/Pois      14%        N/A       100%        6
 Iron Shot                Conj/Erth      2%         9d2       100%        6
 Plasma Beam              Fire/Air       7%         2x1d20    100%        6
 Simulacrum               Ice/Necr       2%         N/A       100%        6
 Starburst                Conj/Fire      2%         6d3       100%        6
 Statue Form              Tmut/Erth      19%        N/A       100%        6
 Orb of Destruction       Conj           2%         9d5       100%        7
 Ozocubu's Refrigeration  Ice            2%         4d7       100%        7
 Spellforged Servitor     Conj/Summ      2%         N/A       100%        7
 Storm Form               Tmut/Air       20%        N/A       100%        7
 Summon Hydra             Summ           2%         N/A       100%        7
 Discord                  Hex            2%         N/A       100%        8
 Ignition                 Fire           2%         3d3       100%        8
 Lehudib's Crystal Spear  Conj/Erth      2%         10d2      100%        8
 Maxwell's Capacitive Co  Air            13%        ∞         100%        8
 Necromutation            Tmut/Necr      14%        N/A       100%        8
 Polar Vortex             Ice            2%         N/A       100%        9


Dungeon Overview and Level Annotations

Branches:
Dungeon (15/15)            Temple (1/1) D:5            Lair (5/5) D:9
  Swamp (4/4) Lair:3       Spider (4/4) Lair:2        Slime (5/5) Lair:4
    Orc (2/2) D:12            Elf (3/3) Orc:2        Vaults (5/5) D:13
  Crypt (3/3) Vaults:2       Tomb (0/3) Crypt:3      Depths (4/4) D:15
   Hell (visited)             Dis (0/7) Hell            Geh (0/7) Hell
    Coc (0/7) Hell            Tar (1/7) Hell            Zot (5/5) Depths:4
Gauntlet (visited)

Altars:
Ashenzari
Cheibriados
Dithmenos
Elyvilon
Fedhas
Gozag
Hepliaklqana
Kikubaaqudgha
Makhleb
Nemelex Xobeh
Okawaru
Qazlal
Ru
Sif Muna
Trog
Uskayaw
Vehumet
Wu Jian
Xom
Yredelemnul
Zin
The Shining One
Jiyva

Shops:
Orc:2 ?!:[   Elf:1 :=(   Elf:2 (   Depths:4 ==:

Portals:
Hell: Depths:1 Depths:2 Depths:3 Depths:4
Abyss: Depths:1
Pandemonium: Depths:1 Depths:2
Ziggurat: Depths:4

Annotations:
Spider:1 Louise
Orc:1 exclusion: downstairs
Elf:2 5 runed translucent doors
Vaults:2 Mennas
Zot:2 1 runed translucent door, Wysooluir's ghost, veteran OgBe
Zot:4 1 runed translucent door, Cemmere's ghost, veteran TrCK


Innate Abilities, Weirdness & Mutations

Your serpentine skin is tough. (AC +9)
You have supernaturally acute eyesight. (SInv)
Armour fits poorly on your strangely shaped body.
Your system is resistant to poisons. (rPois)
You cover ground very slowly.
You can spit poison.
You can use your snake-like lower body to constrict enemies.
Your tail ends in a venomous barb.
Your mind is acute. (Int +4, Str/Dex -1)


Message History

(D) Dungeon (T) Temple (L) Lair (S) Swamp (N) Spider Nest (M) Slime Pits (O) Orcish Mines (E) Elven Halls (V) Vaults (C) Crypt (W) Tomb (U) Depths (H) Hell (I) Dis (G) Gehenna (X) Cocytus (Y) Tartarus (Z) Zot
Where to? (Enter - D:1 @ (x,y), ? - help)
There is a stone staircase leading up here.
You fly upwards.
There is a stone staircase leading down here.
An Orb Guardian comes into view.
You hit the Orb Guardian. The Orb Guardian hits you!
You slash the Orb Guardian! You block the Orb Guardian's attack.
You slice the Orb Guardian!!
The Orb Guardian hits you but does no damage.
You slice the Orb Guardian!! The Orb Guardian completely misses you.
You barely miss the Orb Guardian. The Orb Guardian closely misses you.
You slice the Orb Guardian!!
You kill the Orb Guardian!
A hellion comes into view.
Unknown command.
Casting: Vhi's Electric Charge (safe; 1% risk of failure) Charge where?
Aim: a hellion (haloed, 97% to hit)
You charge forward with an electric crackle!
You slice the hellion and electrocute it!!
The hellion convulses!!
You kill the hellion!
The Shining One accepts your kill.
You feel better.
(D) Dungeon (T) Temple (L) Lair (S) Swamp (N) Spider Nest (M) Slime Pits (O) Orcish Mines (E) Elven Halls (V) Vaults (C) Crypt (W) Tomb (U) Depths (H) Hell (I) Dis (G) Gehenna (X) Cocytus (Y) Tartarus (Z) Zot
Where to? (Enter - D:1 @ (x,y), ? - help)
There is an open door here.
There is a large open door here.
There is a staircase leading out of the dungeon here.
There is a staircase leading out of the dungeon here.
You have escaped!

###.# #......#
#.##..... #...#
######## #..#...).
###.# #§≈≈§≈≈###
##.#..... #.#
≈≈≈§§§§§≈##
#.#..... #.#
≈≈≈≈#§≈§≈§#
#.#..... #.#
≈≈≈≈≈≈≈§≈###.#.....
#.#
≈§§≈≈§#≈≈##.#.....
#.#
####§§≈§≈##.#.....
#.#
#@.....§§'..#.....
#.#
#>.......'..#.....
#.#
####§≈≈§≈##.#)....
#.#
≈≈≈≈≈#≈≈##.'.....
###.#
§≈≈≈§§≈≈#####.....
#...#
≈§≈#≈§≈§≈#######'##
##.##
§≈≈≈≈≈§§###......#
#.# ≈≈§≈§≈###
#.######
##.#############
#...#


There were no monsters in sight!

Vanquished Creatures
  the Royal Jelly (Slime:5)
  Gloorx Vloq (Pan)
  Mnoleg (Pan)
  Ignacio (Pan)
  3 ancient liches
  4 dread liches
  3 orbs of fire
  3 juggernauts
  7 pandemonium lords (Pan)
  A royal mummy (Crypt:3)
  9 Killer Klowns (Zot:5)
  Saint Roka (Orc:2)
  Margery (Crypt:3)
  Xtahua (Depths:4)
  Geryon (Hell)
  3 curse toes
  Nikola (Elf:2)
  the Enchantress (Depths:1)
  16 golden dragons
  A profane servitor (Abyss:3)
  Arachne (Spider:2)
  4 Tzitzimimeh (Tar:1)
  4 bone dragons
  6 doom hounds
  The ghost of Onexaaje the Warrior, an adept GrFi of Cheibriados (Crypt:3)
  An iron giant (Zot:5)
  13 Brimstone Fiends
  Rupert (Lair:3)
  4 electric golems
  7 liches
  8 Ice Fiends (Pan)
  20 tentacled monstrosities
  The ghost of Bipt the Brawler, an adept TrDe of Ru (Swamp:1)
  11 deep elf blademasters
  7 deep elf master archers
  28 Orb Guardians
  A walking earthen tome (Depths:2)
  7 Hell Sentinels (Pan)
  7 quicksilver dragons
  12 titans
  17 acid blobs
  Frances (D:14)
  Murray (Hell)
  6 tentacled starspawn
  29 Executioners
  An eldritch tentacle (Pan)
  8 death cobs
  4 thorn hunters
  4 sphinxes
  10 ancient champions
  Kirke (D:14)
  13 shadow dragons
  7 tengu reavers
  11 storm dragons
  Donald (Spider:4)
  9 azure jellies
  4 draconian monks
  6 demonspawn warmongers (Pan)
  3 draconian knights (Zot:3)
  7 rockslimes
  A fenstrider witch (Swamp:4)
  4 revenants
  17 frost giants
  25 fire giants
  7 emperor scorpions
  20 vault wardens
  6 draconian scorchers
  3 draconian stormcallers (Zot:3)
  10 ghost moths
  11 deep elf sorcerers
  2 caustic shrike zombies
  12 draconian annihilators
  An orc warlord (Vaults:1)
  2 curse skulls (Pan)
  6 deep elf elementalists
  3 draconian shifters
  13 cacodemons
  4 spriggan defenders (Depths:1)
  6 ironbound thunderhulks
  22 balrugs
  10 reapers
  4 quicksilver oozes (Slime:5)
  8 ghouls
  12 demonspawn blood saints (Pan)
  22 ironbound preservers
  26 stone giants
  9 demonspawn corrupters (Pan)
  6 war gargoyles
  A caustic shrike skeleton (Pan)
  26 very ugly things
  10 vampire knights
  9 demonspawn black suns (Pan)
  14 green draconians
  6 deep elf annihilators
  20 lorocyprocas
  A putrid mouth (Tar:1)
  The ghost of dolemite99 the Spear-Bearer, a journeyman MfCA of Ignis (Lair:5)
  8 dire elephants
  29 starcursed masses
  8 deep elf demonologists
  3 eleionomae
  11 purple draconians
  3 spark wasps
  14 white draconians
  A spectral titan (Tar:1)
  Azrael (Spider:1)
  15 red draconians
  A minotaur (Gauntlet)
  15 yellow draconians
  6 black draconians
  4 bunyips
  An iron golem (Hell)
  11 ettins
  4 eidola
  A spectral quicksilver dragon (Tar:1)
  An entropy weaver (shapeshifter) (Abyss:3)
  9 blizzard demons
  27 jiangshi
  A quicksilver dragon zombie (Abyss:3)
  2 merfolk impalers (Depths:1)
  2 crystal guardians
  Josephine (Lair:3)
  11 fire dragons
  9 green deaths (Pan)
  Snorg (D:10)
  6 deep elf high priests
  9 yaktaur captains
  3 deep elf death magi
  2 entropy weavers
  5 rakshasas
  2 shambling mangroves
  32 vault guards
  13 great orbs of eyes
  A caustic shrike simulacrum (Crypt:3)
  2 kraken zombies (Hell)
  Erolcha (Orc:2)
  5 peacekeepers
  31 hydras
  A spectral spriggan (Tar:1)
  A hydra (shapeshifter) (Vaults:5)
  5 ogre magi
  5 hell beasts (Pan)
  A jorogumo (Spider:1)
  9 ice dragons
  8 ironbound frosthearts
  3 spriggan air magi
  11 boulder beetles
  2 catoblepae (Lair:5)
  3 ghost crabs
  2 fenstrider witch skeletons (Pan)
  5 spriggan skeletons
  A bennu zombie (Crypt:2)
  16 centaur warriors
  An alligator snapping turtle (shapeshifter) (Depths:1)
  5 radroaches
  11 deep troll shamans
  A two-headed ogre (shapeshifter) (Vaults:5)
  9 alligators
  An anaconda (shapeshifter) (Vaults:5)
  4 hell hogs
  11 two-headed ogres
  4 death knights
  An Orb Guardian skeleton (Crypt:3)
  8 spriggan berserkers
  16 vampire magi
  A death scarab (Spider:3)
  10 deep troll earth magi
  15 death yaks
  A spectral dire elephant (Tar:1)
  18 dancing weapons
  6 tengu warriors
  Urug (Lair:3)
  21 hell knights
  A spectral orc (Tar:1)
  22 deep elf knights
  4 thrashing horrors (Abyss:3)
  4 wretched stars
  A shock serpent (shapeshifter) (Vaults:5)
  6 iron trolls
  A spectral storm dragon (Tar:1)
  27 soul eaters
  82 sun demons
  Lodul (D:10)
  A spectral death yak (Gauntlet)
  12 skeletal warriors
  7 pharaoh ants
  14 sixfirhies
  A cherub (Pan)
  2 sun moths (Spider:2)
  5 goliath frogs
  A sea snake (shapeshifter) (Depths:4)
  14 shadow wraiths
  3 spriggan druids
  A spatial maelstrom (Abyss:3)
  5 flayed ghosts
  10 shadow demons (Pan)
  85 deep trolls
  6 wizards
  13 orb spiders
  A death drake (Swamp:4)
  19 swamp dragons
  14 bog bodies
  9 lindwurms
  5 steelbarb worms
  5 glowing orange brains
  Pikel (D:5)
  2 glowing orange brains (shapeshifter)
  30 deep elf pyromancers
  28 deep elf archers
  3 bunyip skeletons (Pan)
  10 ironbound convokers
  3 harpies (Vaults:3)
  2 anaconda skeletons (Pan)
  A mana viper (shapeshifter) (Vaults:5)
  9 phantasmal warriors
  4 orc knights
  26 wolf spiders
  16 ugly things
  2 shadow dragon skeletons
  39 deep elf zephyrmancers
  2 shining eyes
  10 orc sorcerers
  5 manticores
  An oklob plant (Lair:2)
  3 cyclopes
  7 will-o-the-wisps
  2 worldbinders (Abyss:3)
  An iron dragon zombie (Depths:1)
  9 necromancers
  A sphinx skeleton (Crypt:1)
  An elephant (shapeshifter) (Abyss:4)
  2 human skeletons (Vaults:1)
  An iron dragon skeleton (Pan)
  23 moths of wrath
  A spectral alligator snapping turtle (Tar:1)
  2 ice statues
  5 eyes of devastation (Slime:5)
  2 fire giant skeletons
  5 rust devils
  2 black mambas
  Joseph (D:10)
  9 elephants
  A draconian skeleton (Pan)
  2 stone giant skeletons
  12 vault sentinels
  5 molten gargoyles (Hell)
  A spectral centaur (Tar:1)
  13 cane toads
  33 smoke demons
  15 demonic crawlers
  15 torpor snails
  2 centaur skeletons (Pan)
  27 orange demons
  42 large abominations
  2 gargoyles
  A yellow draconian zombie (Crypt:1)
  An unseen horror (D:12)
  7 rime drakes
  3 kobold demonologists (D:12)
  A yaktaur (shapeshifter) (D:9)
  A dire elephant skeleton (Pan)
  10 freezing wraiths
  7 ancient zymes
  A sea snake zombie (Hell)
  11 hellions
  5 ice devils
  3 alligator snapping turtle skeletons
  10 komodo dragons
  23 yaktaurs
  11 efreet
  An anaconda simulacrum (Hell)
  4 tormentors
  9 tengu conjurers
  7 red devils
  2 silent spectres
  A queen bee (Abyss:4)
  A human zombie (Vaults:4)
  A hydra zombie (Hell)
  2 polar bears (Lair:4)
  A bloated husk (Swamp:1)
  A tengu simulacrum (Vaults:1)
  A meliai (shapeshifter) (Vaults:5)
  7 trolls
  9 tyrant leeches
  A wolf spider simulacrum (D:15)
  16 raiju
  27 hornets
  8 hellwings (Pan)
  A moth of wrath zombie (Crypt:3)
  38 tarantellas
  A slime creature (shapeshifter) (Vaults:5)
  A guardian serpent zombie (Crypt:1)
  A meliai zombie (Crypt:2)
  48 slime creatures
  A snapping turtle (shapeshifter) (Depths:3)
  12 dream sheep (Lair:5)
  A harpy skeleton (Crypt:3)
  A frost giant simulacrum (Vaults:4)
  13 blink frogs
  8 flying skulls
  3 air elementals
  An ettin skeleton (Crypt:2)
  17 jumping spiders
  21 culicivoras
  3 shadows (D:10)
  15 wraiths
  17 spriggans
  7 water elementals
  56 ynoxinuls
  7 fire elementals
  21 yaks
  7 wyverns
  4 vampires
  4 basilisks
  6 hogs (D:14)
  A human (D:14)
  2 steam dragons
  3 black mamba skeletons
  4 golden eyes
  62 redbacks
  17 chaos spawn
  13 vampire mosquitoes
  20 neqoxecs
  23 swamp worms
  A harpy simulacrum (Crypt:3)
  A two-headed ogre zombie (Crypt:1)
  4 small abominations
  2 acid dragons
  4 wargs
  An entropy weaver zombie (Crypt:3)
  A water moccasin (shapeshifter) (Vaults:5)
  5 hell hounds
  A hydra simulacrum (Hell)
  13 water moccasins
  A deep troll zombie (Crypt:3)
  A floating eye (Depths:2)
  11 swamp drakes
  A demonspawn skeleton (Crypt:3)
  14 orc warriors
  5 ice beasts
  4 black bears
  A swamp dragon skeleton (Crypt:2)
  9 wolves
  2 boggarts (Elf:1)
  19 ogres
  8 centaurs
  A blink frog skeleton (Crypt:3)
  3 phantoms
  2 lemures (D:5)
  16 bullfrogs
  5 kobold brigands
  2 komodo dragon skeletons (Crypt:2)
  7 necrophages
  2 earth elementals
  4 gnoll sergeants
  4 scorpions
  5 wights
  4 killer bees
  2 troll zombies (D:12)
  3 howler monkeys
  An electric eel (D:15)
  A jelly (shapeshifter) (D:14)
  2 gnoll boudas
  16 orc priests
  A bullfrog skeleton (Crypt:2)
  10 hounds
  2 iron imps
  5 jellies
  4 iguanas
  A boggart zombie (Crypt:3)
  9 hell rats
  30 orc wizards
  6 ogre zombies (D:12)
  16 gnolls
  2 howler monkey skeletons (Crypt:1)
  6 adders
  2 shadow imps
  3 white imps
  An ufetubus (D:5)
  4 worms
  A dart slug (D:8)
  63 orcs
  8 bats
  11 endoplasms
  5 giant cockroaches
  10 goblins
  A hobgoblin (shapeshifter) (Vaults:5)
  8 hobgoblins
  4 jackals (D:2)
  3 quokkas
  6 ball pythons
  A dart slug zombie (Crypt:3)
  4 frilled lizards
  A frilled lizard zombie (Crypt:1)
  2 giant cockroach zombies
  A gnoll skeleton (Crypt:2)
  A goblin skeleton (D:12)
  4 goblin zombies
  A hobgoblin skeleton (D:12)
  3 hobgoblin zombies (D:12)
  32 kobolds
  2 orc skeletons (D:12)
  15 orc zombies (D:12)
  A quokka zombie (Crypt:3)
  3 rats
  4 briar patches
  A lurking horror (Abyss:3)
  3 spectral weapons
  7 starspawn tentacles
  5 tentacles (Hell)
3216 creatures vanquished.

Vanquished Creatures (collateral kills)
  Cerebov (Pan)
  A balrug (Pan)
  2 sun demons (Pan)
4 creatures vanquished.

Vanquished Creatures (others)
  An eldritch tentacle (Abyss:3)
  A fire giant (Pan)
  A draconian knight (Zot:2)
  A demonspawn blood saint (Pan)
  A purple draconian (Zot:3)
  A blizzard demon (Pan)
  A jorogumo (Spider:2)
  A dancing weapon (Elf:3)
  2 deep elf knights
  3 deep elf zephyrmancers
  A wizard (Vaults:4)
  An orc knight (Vaults:1)
  4 bloated husks
  A ynoxinul (Pan)
  A water elemental (Elf:3)
  A fire elemental (Elf:2)
  A chaos spawn (Pan)
  A small abomination (Abyss:3)
  An orc priest (Vaults:5)
  An ufetubus (Abyss:3)
  7 briar patches
  4 bushes
  9 demonic plants
  26 foxfires
  57 fungi
  97 plants
  16 spectral weapons
  16 starspawn tentacles
  10 tentacles (Hell)
268 creatures vanquished.

Grand Total: 3488 creatures vanquished

Notes
Turn   | Place    | Note
-------+----------+-------------------------------------------
     0 | D:1      | ragingrage the Naga Fighter began the quest for the Orb.
     0 | D:1      | Reached XP level 1. HP: 21/21 MP: 1/1
   143 | D:1      | Reached XP level 2. HP: 26/28 MP: 2/2
   469 | D:1      | Found a faded altar of an unknown god.
   925 | D:2      | Reached skill level 1 in Stealth
   971 | D:2      | Reached XP level 3. HP: 32/34 MP: 3/3
  1565 | D:2      | Reached XP level 4. HP: 38/42 MP: 4/4
  1865 | D:3      | Reached XP level 5. HP: 11/49 MP: 5/5
  2141 | D:3      | Reached skill level 5 in Axes
  2320 | D:3      | Reached XP level 6. HP: 44/56 MP: 6/6
  2550 | D:3      | Found a shimmering blue altar of Sif Muna.
  2973 | D:4      | Reached XP level 7. HP: 62/62 MP: 7/7
  3449 | D:4      | Found a shadowy altar of Dithmenos.
  3696 | D:5      | Entered Level 5 of the Dungeon
  3706 | D:5      | Found a staircase to the Ecumenical Temple.
  3714 | Temple   | Entered the Ecumenical Temple
  3900 | Temple   | Became a worshipper of Warmaster Okawaru
  3952 | D:5      | Found an ornate altar of the Wu Jian Council.
  4326 | D:5      | Noticed Pikel
  4585 | D:5      | Found a stormy altar of Qazlal.
  4585 | D:5      | Found a bloodstained altar of Trog.
  4586 | D:5      | Found a white marble altar of Elyvilon.
  4653 | D:5      | Killed Pikel
  4653 | D:5      | Reached * piety under Okawaru
  4654 | D:5      | Reached XP level 8. HP: 55/69 MP: 8/8
  5025 | D:6      | Noticed a wraith
  5040 | D:6      | Killed a wraith
  5040 | D:6      | Reached ** piety under Okawaru
  5041 | D:6      | Reached skill level 10 in Axes
  5253 | D:6      | Noticed a yak
  5259 | D:6      | Noticed a yak
  5263 | D:6      | Noticed a yak
  5264 | D:6      | Noticed a yak
  5265 | D:6      | Killed a yak
  5266 | D:6      | Reached XP level 9. HP: 52/75 MP: 9/9
  5289 | D:6      | Reached *** piety under Okawaru
  6159 | D:7      | Found a sacrificial altar of Ru.
  6745 | D:7      | Reached XP level 10. HP: 84/84 MP: 10/10
  6928 | D:8      | Reached **** piety under Okawaru
  7302 | D:8      | Noticed a two-headed ogre
  7314 | D:8      | Killed a two-headed ogre
  7491 | D:8      | Found a snail-covered altar of Cheibriados.
  7637 | D:8      | Found a shimmering altar of Xom.
  8055 | D:9      | Found a staircase to the Lair.
  8198 | D:9      | Noticed a cyclops
  8212 | D:10     | Entered Level 10 of the Dungeon
  8383 | D:10     | Noticed Snorg
  8396 | D:10     | Reached ***** piety under Okawaru
  8414 | D:10     | Reached skill level 15 in Axes
  8414 | D:10     | Reached skill level 5 in Shields
  8611 | Lair:1   | Entered Level 1 of the Lair of Beasts
  8619 | Lair:1   | Reached XP level 11. HP: 90/90 MP: 11/11
  8633 | Lair:1   | Identified the +3 barding of Agnosticism {Stlth+} (Okawaru
                  | gifted it to you on level 1 of the Lair of Beasts)
  8633 | Lair:1   | Received a gift from Okawaru
  9620 | Lair:2   | Noticed an oklob plant
  9693 | Lair:2   | Noticed a seven-headed hydra
  9913 | Lair:2   | Found a hole to the Spider Nest.
  9913 | Lair:2   | Noticed an orb spider
  9978 | Lair:2   | Killed an orb spider
  9979 | Lair:2   | Reached skill level 1 in Throwing
  9979 | Lair:2   | Reached skill level 1 in Invocations
 10137 | Lair:2   | Received a gift from Okawaru
 10137 | Lair:2   | Found the +6 lightning scales {swift, rElec}
 10448 | D:9      | Reached XP level 12. HP: 86/99 MP: 13/13
 10518 | D:10     | Noticed Lodul
 10861 | D:9      | Found a blossoming altar of Fedhas.
 11312 | Lair:3   | Noticed a seven-headed hydra
 11330 | Lair:3   | Killed a nine-headed hydra
 11409 | Lair:3   | Reached skill level 5 in Fighting
 11417 | Lair:3   | Noticed Urug
 11804 | Lair:3   | Noticed Rupert
 12067 | Lair:4   | Found a viscous altar of Jiyva.
 12068 | Lair:4   | Found a staircase to the Slime Pits.
 12116 | Lair:4   | Reached skill level 5 in Invocations
 12193 | Lair:4   | Noticed a boulder beetle
 12215 | Lair:4   | Killed a boulder beetle
 12464 | Lair:4   | Reached skill level 5 in Armour
 12774 | Lair:5   | Entered Level 5 of the Lair of Beasts
 12778 | Lair:5   | Noticed a death yak
 12780 | Lair:5   | Noticed a death yak
 12781 | Lair:5   | Reached ****** piety under Okawaru
 12787 | Lair:4   | Received a gift from Okawaru
 12811 | Lair:5   | Noticed a death yak
 12811 | Lair:5   | Noticed a death yak
 12811 | Lair:5   | Noticed a death yak
 12811 | Lair:5   | Noticed a death yak
 12811 | Lair:5   | Noticed a death yak
 12811 | Lair:5   | Noticed a death yak
 12821 | Lair:4   | Killed a death yak
 12821 | Lair:4   | Identified the +4 broad axe "Eblexaf" {protect, SInv
                  | Stlth+} (Okawaru gifted it to you on level 4 of the Lair of
                  | Beasts)
 12821 | Lair:4   | Received a gift from Okawaru
 12823 | Lair:4   | Killed a death yak
 12825 | Lair:4   | Killed a death yak
 12825 | Lair:4   | Killed a death yak
 12826 | Lair:4   | Reached skill level 5 in Throwing
 12826 | Lair:4   | Gained mutation: You can use your snake-like lower body to
                  | constrict enemies. [Naga growth]
 12826 | Lair:4   | Reached XP level 13. HP: 39/114 MP: 17/17
 13092 | Lair:5   | Identified the +0 scale mail of the Jackalope {Harm Will+
                  | rCorr Str+2} (Okawaru gifted it to you on level 5 of the
                  | Lair of Beasts)
 13092 | Lair:5   | Received a gift from Okawaru
 13144 | Lair:5   | Noticed a dire elephant
 13207 | Lair:5   | Found a large runed translucent door.
 13207 | Lair:5   | Found a large runed translucent door.
 13211 | Lair:5   | Noticed dolemite99's ghost (journeyman MfCA)
 13244 | Lair:5   | Found a runed translucent door.
 13245 | Lair:5   | Noticed a fire dragon
 13754 | Lair:5   | Killed a dire elephant
 13820 | Lair:5   | Got the Lectures on the Overhead Tundra
 13858 | Lair:5   | Reached XP level 14. HP: 126/129 MP: 19/19
 13860 | Lair:5   | Received a gift from Okawaru
 13877 | Lair:5   | Noticed a dire elephant
 13909 | Lair:5   | Killed a dire elephant
 13953 | Lair:5   | Identified the +1 plate armour "Nonget" {+Inv rElec Int+2}
 14324 | Lair:5   | Reached skill level 10 in Fighting
 14353 | Lair:5   | Paralysed by a hornet for 1 turns
 14395 | Lair:5   | Identified the +4 scale mail of Ydais {*Slow rN+++ Will++
                  | Stlth+}
 14608 | Lair:3   | Learned a level 2 spell: Blink
 14642 | Lair:3   | Killed Rupert
 14642 | Lair:3   | Received a gift from Okawaru
 14700 | Lair:3   | Identified a scroll of acquirement
 14701 | Lair:3   | Acquired the amulet of Doubts {Spirit Fly rC+ Str+2}
 14836 | Lair:3   | Killed Urug
 15052 | Lair:3   | Found a staircase to the Swamp.
 15148 | Lair:3   | Reached skill level 10 in Shields
 15237 | Lair:3   | Noticed Josephine
 15248 | Lair:3   | Killed Josephine
 15597 | D:10     | Found an ancient bone altar of Kikubaaqudgha.
 15663 | D:10     | Killed Lodul
 15843 | D:10     | Noticed Joseph
 15854 | D:10     | Killed Joseph
 16119 | D:10     | Killed Snorg
 16963 | D:12     | Found a staircase to the Orcish Mines.
 17137 | D:12     | Identified the +3 dagger of Okawaru's Reproof {venom, rC+}
                  | (Okawaru gifted it to you on level 12 of the Dungeon)
 17137 | D:12     | Received a gift from Okawaru
 17169 | D:12     | Reached XP level 15. HP: 138/138 MP: 21/21
 17443 | Orc:1    | Entered Level 1 of the Orcish Mines
 17836 | Orc:2    | Entered Level 2 of the Orcish Mines
 17859 | Orc:2    | Noticed Saint Roka
 18213 | Orc:2    | Found a staircase to the Elven Halls.
 18532 | Orc:2    | Killed Saint Roka
 18778 | Orc:2    | Found Iso Wug's Antique Armour Shoppe.
 18789 | Orc:2    | Bought a runed helmet for 195 gold pieces
 18852 | Orc:2    | Found a radiant altar of Vehumet.
 18854 | Orc:2    | Noticed Erolcha
 18864 | Orc:2    | Found Xycet's Distillery.
 18867 | Orc:2    | Killed Erolcha
 18882 | Orc:2    | Found Birug's Book Emporium.
 18936 | Orc:2    | Found Umi Luiso's Magic Scroll Shoppe.
 18957 | Orc:2    | Found an ancient bone altar of Kikubaaqudgha.
 18968 | Orc:2    | Received a gift from Okawaru
 18968 | Orc:2    | Found the +10 Black Knight's barding {ponderous, rPois rN+}
 18983 | Orc:2    | Bought a potion of heal wounds for 65 gold pieces
 19013 | Orc:2    | Bought a scroll of blinking for 127 gold pieces
 19013 | Orc:2    | Bought a scroll of poison for 68 gold pieces
 19374 | D:13     | Found a gate to the Vaults.
 19399 | D:13     | Reached skill level 5 in Stealth
 19499 | D:13     | Found a gate leading to a gauntlet.
 19515 | Gauntlet | Entered a Gauntlet
 19515 | Gauntlet | Found a transporter.
 19524 | Gauntlet | Found a transporter.
 19527 | Gauntlet | Found a transporter.
 19538 | Gauntlet | Found a transporter.
 19541 | Gauntlet | Found a transporter.
 19549 | Gauntlet | Found a transporter.
 19570 | Gauntlet | Found a transporter.
 19582 | Gauntlet | Found a transporter.
 19593 | Gauntlet | Found a transporter.
 19613 | Gauntlet | Found a transporter.
 19625 | Gauntlet | Found a runed translucent door.
 19627 | Gauntlet | Found a transporter.
 19627 | Gauntlet | Found a transporter.
 19630 | Gauntlet | Found a runed translucent door.
 19675 | Gauntlet | Found a transporter.
 19692 | Gauntlet | Found a transporter.
 20130 | Gauntlet | Identified the +10 bardiche of Nightmares {protect, rC+}
 20155 | Gauntlet | Got the Directory of Changing
 20763 | D:14     | Found an iron altar of Okawaru.
 21064 | D:14     | Noticed Kirke
 21257 | D:14     | Killed Kirke
 21456 | D:14     | Noticed Frances
 21765 | D:14     | Killed Frances
 21765 | D:14     | Received a gift from Okawaru
 21937 | D:14     | Reached XP level 16. HP: 148/152 MP: 22/22
 22030 | D:15     | Entered Level 15 of the Dungeon
 22236 | D:15     | Found a hide-covered altar of Uskayaw.
 22629 | D:15     | Found a staircase to the Depths.
 22921 | Spider:1 | Entered Level 1 of the Spider Nest
 23450 | Spider:1 | Received a gift from Okawaru
 23642 | Spider:1 | Noticed Louise
 23696 | Spider:1 | Received a gift from Okawaru
 24090 | Spider:1 | Noticed Azrael
 24100 | Spider:1 | Killed Azrael
 24500 | Spider:2 | Received a gift from Okawaru
 24574 | Spider:2 | Reached skill level 10 in Armour
 24578 | Spider:2 | Reached XP level 17. HP: 162/163 MP: 23/23
 25070 | Spider:2 | Noticed Arachne
 25102 | Spider:2 | Killed Arachne
 26068 | Spider:3 | Received a gift from Okawaru
 26069 | Spider:3 | Reached skill level 10 in Throwing
 26069 | Spider:3 | Found the +4 skin of Zhor {*Englaciate rC+++ SInv}
 26215 | Spider:3 | Reached skill level 1 in Evocations
 26732 | Spider:4 | Entered Level 4 of the Spider Nest
 26808 | Spider:4 | Identified the +1 longbow of Fabulous Action {antimagic,
                  | Fly}
 27179 | Spider:4 | Noticed Donald
 27942 | Spider:4 | Killed Donald
 28247 | Spider:4 | Identified the +5 scale mail "Emaclie" {rPois Int-2 Dex-4
                  | Slay+6}
 28584 | Spider:4 | Received a gift from Okawaru
 28823 | Spider:4 | Identified the +3 kite shield of the Garden {Int+4}
                  | (Okawaru gifted it to you on level 4 of the Spider Nest)
 28823 | Spider:4 | Received a gift from Okawaru
 28831 | Spider:4 | Reached XP level 18. HP: 114/174 MP: 12/24
 28834 | Spider:4 | Reached skill level 5 in Evocations
 29063 | Spider:4 | Got a gossamer rune of Zot
 29453 | Swamp:1  | Entered Level 1 of the Swamp
 29644 | Swamp:1  | Found a large runed translucent door.
 29644 | Swamp:1  | Found a large runed translucent door.
 29646 | Swamp:1  | Noticed Bipt's ghost (adept TrDe)
 30915 | Swamp:2  | Identified the +2 buckler of Inquiry {Rampage rC+}
 31625 | Swamp:3  | Received a gift from Okawaru
 31954 | Swamp:4  | Entered Level 4 of the Swamp
 32304 | Swamp:4  | Found a basalt altar of Yredelemnul.
 32323 | Swamp:4  | Reached skill level 15 in Fighting
 32544 | Swamp:4  | Received a gift from Okawaru
 33224 | Swamp:4  | Received a gift from Okawaru
 33560 | Swamp:4  | Received a gift from Okawaru
 33655 | Swamp:4  | Paralysed by a fenstrider witch for 4 turns
 33662 | Swamp:4  | Reached XP level 19. HP: 142/186 MP: 18/25
 34684 | Swamp:4  | Got a decaying rune of Zot
 35156 | Elf:1    | Entered Level 1 of the Elven Halls
 35280 | Elf:1    | Found Lacw's One-of-a-Kind Books.
 35325 | Elf:1    | Reached skill level 1 in Dodging
 35373 | Elf:1    | Found Hyifril's Weapon Shoppe.
 35476 | Elf:1    | Learned a level 2 spell: Lesser Beckoning
 35505 | Elf:1    | Identified the +1 mace of Atilepos {vamp, rF+ Str+3}
 35636 | Elf:1    | Found Ysejatt's Jewellery Shop.
 35643 | Elf:1    | Paralysed by an air elemental for 1 turns
 35694 | Elf:1    | Reached skill level 1 in Translocations
 36334 | Elf:2    | Found Ciwif's Weapon Shop.
 36402 | Elf:2    | Noticed Nikola
 36417 | Elf:2    | Killed Nikola
 36417 | Elf:2    | Received a gift from Okawaru
 36418 | Elf:2    | Reached skill level 2 in Translocations
 36436 | Elf:2    | Paralysed by an air elemental for 1 turns
 36441 | Elf:2    | Paralysed by an air elemental for 1 turns
 36446 | Elf:3    | Entered Level 3 of the Elven Halls
 36460 | Elf:2    | Paralysed by an air elemental for 1 turns
 36482 | Elf:3    | Received a gift from Okawaru
 36949 | Elf:3    | Received a gift from Okawaru
 37138 | Elf:3    | Learned a level 2 spell: Wereblood
 37311 | Elf:3    | Paralysed by an air elemental for 1 turns
 37318 | Elf:3    | Paralysed by an air elemental for 1 turns
 37323 | Elf:3    | Reached skill level 3 in Translocations
 37401 | Elf:3    | Identified the +6 barding "Jirphuzi" {Str+5} (Okawaru
                  | gifted it to you on level 3 of the Elven Halls)
 37401 | Elf:3    | Received a gift from Okawaru
 37424 | Elf:3    | Reached skill level 1 in Transmutations
 37595 | Abyss:3  | Cast into level 3 of the Abyss (a deep elf sorcerer)
 37606 | Abyss:3  | Found a corrupted altar of Lugonu.
 37745 | Abyss:3  | Reached XP level 20. HP: 199/199 MP: 26/26
 37752 | Abyss:3  | Reached skill level 10 in Stealth
 37791 | Abyss:3  | Found a corrupted altar of Lugonu.
 37868 | Abyss:3  | Reached skill level 4 in Translocations
 37947 | Abyss:3  | Found a corrupted altar of Lugonu.
 37965 | Abyss:3  | Noticed a bone dragon
 37969 | Elf:3    | Escaped the Abyss
 38116 | Elf:3    | Identified the ring "Earthly Heaven" {rF+ Will+ EV+5 Int+2}
 38591 | Elf:3    | Identified the +1 falchion "Riamnoe" {pain, rPois}
 38677 | Elf:3    | Reached skill level 5 in Translocations
 38688 | Elf:3    | Identified the +7 war axe of Spring {venom, *Rage rElec rF+
                  | rCorr}
 38982 | Elf:3    | Identified the +3 ring mail of the Furies {rF+ Dex+5
                  | Slay+3}
 39060 | Elf:3    | Learned a level 3 spell: Vhi's Electric Charge
 39301 | Elf:3    | Received a gift from Okawaru
 39347 | Elf:2    | Received a gift from Okawaru
 39497 | Elf:2    | Reached skill level 5 in Dodging
 39542 | Elf:2    | Reached skill level 15 in Throwing
 39833 | Elf:2    | Received a gift from Okawaru
 40078 | Elf:2    | Found a huge runed translucent gate.
 40078 | Elf:2    | Found a huge runed translucent gate.
 40078 | Elf:2    | Found a huge runed translucent gate.
 40078 | Elf:2    | Found a huge runed translucent gate.
 40079 | Elf:2    | Found a huge runed translucent gate.
 40454 | Vaults:1 | Entered Level 1 of the Vaults
 40473 | Vaults:1 | Identified the +4 sling "Juaqees" {drain, Dex+2}
 40616 | Vaults:1 | Reached skill level 5 in Transmutations
 40673 | Vaults:1 | Received a gift from Okawaru
 40685 | Vaults:1 | Reached skill level 6 in Translocations
 40989 | Vaults:1 | Received a gift from Okawaru
 41426 | Vaults:1 | Reached XP level 21. HP: 113/208 MP: 13/27
 42077 | Vaults:2 | Received a gift from Okawaru
 42144 | Vaults:2 | Noticed Mennas
 42210 | Vaults:2 | Found a staircase to the Crypt.
 42297 | Vaults:2 | Reached skill level 1 in Spellcasting
 43186 | Vaults:2 | Reached skill level 10 in Invocations
 43607 | Vaults:3 | Received a gift from Okawaru
 43820 | Vaults:3 | You are sucked into a shaft and drop 1 floor!
 43841 | Vaults:4 | Found a flickering gateway to a bazaar.
 43861 | Bazaar   | Entered a bazaar
 43875 | Bazaar   | Found Bafylain's Book Emporium.
 43875 | Bazaar   | Found Amopory's Magic Scroll Shoppe.
 43886 | Bazaar   | Bought a scroll of teleportation for 27 gold pieces
 43886 | Bazaar   | Bought a scroll of teleportation for 27 gold pieces
 43897 | Bazaar   | Found Wuutoz's Antique Weapon Emporium.
 43913 | Bazaar   | Found Vufutwel's Armour Emporium.
 43929 | Bazaar   | Found Ykkuqidd's Assorted Antiques.
 43934 | Bazaar   | Bought a potion of curing for 48 gold pieces
 43934 | Bazaar   | Bought a scroll of blinking for 120 gold pieces
 43934 | Bazaar   | Bought a potion of berserk rage for 80 gold pieces
 43934 | Bazaar   | Bought a potion of curing for 48 gold pieces
 44507 | Vaults:4 | Reached XP level 22. HP: 207/220 MP: 27/30
 44916 | Vaults:4 | Received a gift from Okawaru
 44923 | Vaults:3 | Found a portal to a secret trove of treasure.
 45622 | Vaults:3 | Received a gift from Okawaru
 46518 | Vaults:4 | Received a gift from Okawaru
 46913 | Depths:1 | Entered Level 1 of the Depths
 47019 | Depths:1 | Received a gift from Okawaru
 47429 | Depths:1 | Found a gateway to Hell.
 47444 | Depths:2 | Found a one-way gate leading to the halls of Pandemonium.
 47731 | Depths:2 | Noticed a juggernaut
 47734 | Depths:2 | Found a bloodstained altar of Trog.
 47734 | Depths:2 | Found the necklace of Bloodlust {Fury *Rage Will++ Int-3
                  | Slay+6}
 48027 | Depths:2 | Received a gift from Okawaru
 48398 | Depths:2 | Found a transporter.
 48639 | Depths:2 | Identified the -2 barding "Oryla" {Str+2 Dex+5} (Okawaru
                  | gifted it to you on level 2 of the Depths)
 48639 | Depths:2 | Received a gift from Okawaru
 48640 | Depths:2 | Reached XP level 23. HP: 167/232 MP: 24/31
 49107 | Depths:2 | Found an ornate altar of the Wu Jian Council.
 49253 | Depths:2 | Found a transporter.
 49425 | Depths:2 | Found a runed translucent door.
 49459 | Depths:2 | Killed a juggernaut
 49560 | Depths:2 | Identified the +13 plate armour of Jukkuuq {rPois Slay+3}
 49859 | Depths:1 | Reached skill level 1 in Air Magic
 50183 | Depths:1 | Identified the staff of cold "Ymolanox" {rC+ Will+}
 50190 | Depths:1 | Noticed a juggernaut
 50210 | Depths:1 | Killed a juggernaut
 50333 | Depths:1 | Got the Essays on Coordinates and Configuration
 50343 | Depths:1 | Identified the staff of cold "Takikesi" {rC+ Str+4}
 50366 | Depths:1 | Found a one-way gate to the infinite horrors of the Abyss.
 50525 | Depths:1 | Found Cegh's Vocational Training.
 50541 | Depths:1 | Bought a manual of Evocations for 1440 gold pieces
 50593 | Depths:1 | Reached skill level 10 in Evocations
 50758 | Depths:1 | Noticed the Enchantress
 50769 | Depths:1 | Killed the Enchantress
 51492 | Depths:1 | Voluntarily entered the Abyss.
 51639 | Abyss:3  | Identified the +2 pair of gloves of Yhyd {Int+2 Dex+3}
                  | (Okawaru gifted it to you on level 3 of the Abyss)
 51639 | Abyss:3  | Received a gift from Okawaru
 51829 | Depths:1 | Escaped the Abyss
 52041 | Depths:1 | Voluntarily entered the Abyss.
 52247 | Abyss:3  | Paralysed by accursed screaming for 1 turns
 52250 | Abyss:4  | Found a corrupted altar of Lugonu.
 52372 | Abyss:4  | Noticed a dread lich
 52385 | Abyss:4  | Killed a dread lich
 52386 | Abyss:4  | Reached skill level 5 in Air Magic
 52426 | Depths:1 | Escaped the Abyss
 52738 | Depths:1 | Voluntarily entered the Abyss.
 52873 | Abyss:4  | Learned a level 1 spell: Apportation
 52878 | Abyss:4  | Got an abyssal rune of Zot
 52925 | Abyss:4  | Reached XP level 24. HP: 243/243 MP: 31/31
 52930 | Abyss:4  | Received a gift from Okawaru
 53074 | Abyss:4  | Identified the +1 scale mail of Rouz Muapp {Int+3 Dex+5}
                  | (Okawaru gifted it to you on level 4 of the Abyss)
 53074 | Abyss:4  | Received a gift from Okawaru
 53085 | Depths:1 | Escaped the Abyss
 53347 | Vaults:3 | You showed the abyssal rune of Zot to enter a treasure
                  | trove
 53348 | Trove    | Entered a treasure trove
 53355 | Trove    | Identified the ring "Iguegel" {Ice rPois}
 53357 | Trove    | Identified the ring "Tumyuh" {*Corrode rPois Will+ Dex+5}
 53365 | Trove    | Identified the ring of Yhut {Drain rElec Dex+4 Slay+4 SInv}
 53367 | Trove    | Identified the amulet "Vaxuybb" {Spirit rN++ Will- Regen+
                  | SInv}
 53371 | Trove    | Identified the ring "Deuteen" {rC+ EV+5 Str+3}
 53373 | Trove    | Identified the ring "Jidax" {rF+ rN+}
 53379 | Trove    | Identified the ring "Jadiwn" {Fly rElec MP+9 Str-5}
 53383 | Trove    | Identified the ring "Zunaefer" {Fire +Blink rElec Str-5
                  | Int+2}
 54002 | Vaults:5 | Entered Level 5 of the Vaults
 54002 | Vaults:5 | Noticed a dread lich
 54019 | Vaults:5 | Killed a dread lich
 54020 | Vaults:5 | Reached skill level 7 in Translocations
 54113 | Vaults:5 | Reached skill level 8 in Translocations
 54145 | Vaults:5 | Acquired a manual of Invocations
 54198 | Vaults:5 | Got a silver rune of Zot
 54281 | Vaults:5 | Identified the +1 broad axe of the Stopping Gods {venom,
                  | rC+}
 54285 | Vaults:5 | Got the Folio of the Gestalt
 54317 | Vaults:5 | Identified the ring "Byesh" {rElec rC+ MP+9 Str+3}
 54353 | Vaults:5 | Received a gift from Okawaru
 54540 | Vaults:5 | Identified the +5 glaive of the Mushroom {freeze, rC+ Will+
                  | Dex+2}
 54599 | Vaults:5 | Noticed an ancient lich
 54614 | Vaults:5 | Killed an ancient lich
 54756 | Vaults:5 | Reached skill level 15 in Evocations
 54975 | Vaults:5 | Identified the +1 plate armour "Qust" {Str+3}
 55420 | Vaults:5 | Received a gift from Okawaru
 55519 | Vaults:5 | Reached XP level 25. HP: 246/252 MP: 31/31
 55706 | Vaults:5 | Identified the ring "Foxez" {rElec MP+9}
 55717 | Vaults:5 | Identified the staff of conjuration "Usanacvo" {rPois rF++
                  | rC- Stlth+}
 55719 | Vaults:5 | Identified the +6 war axe of the People {spect, Drain Dex+6
                  | Stlth+}
 55744 | Vaults:5 | Identified the amulet "Sibioq" {RegenMP rElec rN+}
 55751 | Vaults:5 | Identified the +3 arbalest "Mauduedd" {antimagic, Int+3}
 55778 | Vaults:5 | Identified the staff of cold "Naamitz" {rElec rC+ Will+
                  | Str+2}
 56029 | Crypt:1  | Entered Level 1 of the Crypt
 56113 | Crypt:1  | Reached skill level 15 in Armour
 56521 | Depths:3 | Identified the +8 plate armour of Joy {Harm Str+6 Int-2
                  | SInv} (Okawaru gifted it to you on level 3 of the Depths)
 56521 | Depths:3 | Received a gift from Okawaru
 56685 | Depths:3 | Identified the +7 ring mail of the Orb {Int+4}
 56898 | Depths:3 | You fall into a shaft and drop 1 floor!
 56898 | Depths:4 | Entered Level 4 of the Depths
 57138 | Depths:4 | Reached skill level 9 in Translocations
 57334 | Depths:4 | Found Meinn's Jewellery Shoppe.
 57336 | Depths:4 | Found Tuogie's Book Shop.
 57339 | Depths:4 | Found Xiopniwe's Jewellery Shoppe.
 57448 | Depths:4 | Found a one-way gateway to a ziggurat.
 57519 | Depths:4 | Learned a level 4 spell: Manifold Assault
 57523 | Depths:4 | Learned a level 3 spell: Swiftness
 57840 | Depths:4 | Found a gate to the Realm of Zot.
 57887 | Depths:4 | Noticed Xtahua
 57903 | Depths:4 | Killed Xtahua
 57910 | Depths:4 | Reached skill level 10 in Translocations
 58548 | Zot:1    | Entered Level 1 of the Realm of Zot
 58753 | Zot:1    | Identified the +6 broad axe "Ezxarr" {flame, rN++ Str+3
                  | Int+4} (Okawaru gifted it to you on level 1 of the Realm of
                  | Zot)
 58753 | Zot:1    | Received a gift from Okawaru
 58844 | Zot:1    | Noticed an orb of fire
 58853 | Zot:1    | Gained mutation: A frigid envelope surrounds you and
                  | freezes all who hurt you. [an orb of fire]
 58854 | Zot:1    | Killed an orb of fire
 58855 | Zot:1    | Reached XP level 26. HP: 256/261 MP: 22/31
 58975 | Zot:1    | Reached skill level 10 in Transmutations
 59323 | Zot:2    | Noticed an ancient lich
 59326 | Zot:2    | Noticed a juggernaut
 59345 | Zot:1    | Killed an ancient lich
 59446 | Zot:2    | Found the +4 dragonskin cloak
 59446 | Zot:2    | Noticed Tiamat
 59541 | Zot:1    | Received a gift from Okawaru
 59738 | Zot:2    | Killed a juggernaut
 60352 | Zot:2    | Tiamat changed into Tiamat the golden dragon
 60352 | Zot:2    | Noticed Tiamat
 60362 | Zot:2    | Killed Tiamat the golden dragon
 60734 | Zot:2    | Identified the +0 hat "Wokka" {rElec Will+} (Okawaru gifted
                  | it to you on level 2 of the Realm of Zot)
 60734 | Zot:2    | Received a gift from Okawaru
 60745 | Zot:2    | Found a runed translucent door.
 60745 | Zot:2    | Found a shimmering altar of Xom.
 60745 | Zot:2    | Noticed Wysooluir's ghost (veteran OgBe)
 61188 | Zot:3    | Reached skill level 15 in Transmutations
 61613 | Lair:5   | Killed dolemite99's ghost
 61619 | Lair:5   | Identified the +9 rapier of Cocytus {flame, rF+++ Will-
                  | Str+5}
 61812 | Swamp:1  | Killed Bipt's ghost
 62738 | Zot:3    | You fall into a shaft and drop 1 floor!
 63441 | Zot:4    | Reached skill level 15 in Stealth
 63516 | Zot:4    | Found a runed translucent door.
 63592 | Zot:4    | Identified the +1 pair of boots of Disappointment {Drain
                  | rC+ Will+}
 63668 | Zot:4    | Noticed Cemmere's ghost (veteran TrCK)
 63692 | Zot:5    | Entered Level 5 of the Realm of Zot
 63721 | Zot:5    | Reached XP level 27. HP: 253/268 MP: 28/31
 63822 | Zot:5    | Reached skill level 11 in Translocations
 64437 | Zot:5    | Identified the +0 barding of Parts Unknown {Str+7} (Okawaru
                  | gifted it to you on level 5 of the Realm of Zot)
 64437 | Zot:5    | Received a gift from Okawaru
 64511 | Zot:5    | Noticed a dread lich
 64521 | Zot:5    | Killed a dread lich
 64522 | Zot:5    | Reached skill level 12 in Translocations
 64526 | Zot:5    | Noticed a dread lich
 64531 | Zot:5    | Killed a dread lich
 64564 | Zot:5    | Noticed an ancient lich
 64570 | Zot:5    | Killed an ancient lich
 64571 | Zot:5    | Reached skill level 13 in Translocations
 64865 | Zot:5    | Noticed an orb of fire
 64883 | Zot:5    | Killed an orb of fire
 64929 | Zot:5    | Reached skill level 14 in Translocations
 65298 | Zot:5    | Reached skill level 15 in Translocations
 65310 | Zot:5    | Noticed an orb of fire
 65317 | Zot:5    | Killed an orb of fire
 65336 | Zot:5    | Received a gift from Okawaru
 65355 | Zot:5    | Reached skill level 16 in Translocations
 66479 | Elf:1    | Bought the +4 consecrated labrys {holy, Valiant Fragile Fly
                  | SInv} for 488 gold pieces
 66479 | Elf:1    | Found the +4 consecrated labrys {holy, Valiant Fragile Fly
                  | SInv}
 66725 | Slime:1  | Entered Level 1 of the Pits of Slime
 66738 | Slime:1  | Reached skill level 17 in Translocations
 66996 | Slime:5  | Entered Level 5 of the Pits of Slime
 67303 | Slime:4  | Found a viscous altar of Jiyva.
 67774 | Slime:5  | Gained mutation: You are clumsy. (Dex -2) [a shining eye]
 67779 | Slime:5  | Reached skill level 18 in Translocations
 67847 | Slime:5  | Noticed the Royal Jelly
 67947 | Slime:5  | Found a viscous altar of Jiyva.
 68088 | Slime:5  | Paralysed by a great orb of eyes for 3 turns
 68141 | Slime:5  | Killed the Royal Jelly
 68196 | Slime:5  | Got a slimy rune of Zot
 68220 | Slime:5  | Identified the +5 ring mail of Lightning Storm {MP+9}
 68554 | Temple   | Fell from the grace of Okawaru
 68554 | Temple   | Became a worshipper of the Shining One
 68888 | Crypt:1  | Reached * piety under the Shining One
 68906 | Crypt:1  | Reached skill level 19 in Translocations
 69289 | Crypt:2  | Found an ancient bone altar of Kikubaaqudgha.
 69290 | Crypt:2  | Reached ** piety under the Shining One
 69373 | Crypt:2  | Reached *** piety under the Shining One
 69414 | Crypt:2  | Identified the orb of Evolution {*channel, Will- Int+5}
 70051 | Crypt:3  | Entered Level 3 of the Crypt
 70051 | Crypt:3  | Reached **** piety under the Shining One
 70070 | Crypt:3  | Found a runed translucent door.
 70120 | Crypt:3  | Noticed Margery
 70128 | Crypt:3  | Reached ***** piety under the Shining One
 70132 | Crypt:3  | Killed Margery
 70283 | Crypt:3  | Found a staircase to the Tomb.
 70438 | Crypt:3  | Found a shimmering altar of Xom.
 70438 | Crypt:3  | Noticed Onexaaje's ghost (adept GrFi)
 70648 | Crypt:3  | Reached ****** piety under the Shining One
 70752 | Crypt:3  | Reached skill level 20 in Translocations
 70765 | Crypt:3  | Reached skill level 15 in Invocations
 70841 | Crypt:3  | Identified the ring "Tizoff" {rPois rF+ rN+ MP+9 Str+2}
 70841 | Crypt:3  | Identified the ring "Axteog" {rF+ rN+}
 70885 | Crypt:3  | Found a basalt altar of Yredelemnul.
 70885 | Crypt:3  | Noticed a royal mummy
 70886 | Crypt:3  | Found an ancient bone altar of Kikubaaqudgha.
 70899 | Crypt:3  | Killed a royal mummy
 70967 | Crypt:3  | Identified the +6 leather armour of Narcissism {Stlth+}
 71022 | Crypt:3  | Identified the +0 robe of Absolutism {rC+ rN+}
 71111 | Crypt:3  | Killed Onexaaje's ghost
 71428 | Depths:1 | Bought a manual of Invocations for 1440 gold pieces
 71661 | Elf:1    | Bought the brooch of Shielding {Spirit SH+8} for 715 gold
                  | pieces
 71661 | Elf:1    | Found the brooch of Shielding {Spirit SH+8}
 73499 | Pan      | Entered Pandemonium
 74143 | Pan      | Noticed Duonn the pandemonium lord
 74155 | Pan      | Killed Duonn the pandemonium lord
 74927 | Pan      | Found a runed translucent door.
 74944 | Pan      | Found an exit through the horrors of the Abyss.
 74964 | Pan      | Reached skill level 21 in Translocations
 75381 | Pan      | Gained mutation: Your spells are a little easier to cast,
                  | but a little less powerful. [a neqoxec]
 75612 | Pan      | Noticed Xaemin the pandemonium lord
 75632 | Pan      | Killed Xaemin the pandemonium lord
 75712 | Pan      | Got a demonic rune of Zot
 75886 | Pan      | Noticed Ignacio
 75895 | Pan      | Killed Ignacio
 76008 | Pan      | Identified the +8 broad axe of Symmetry {drain, MP+9 Dex+4}
 76380 | Pan      | Reached skill level 22 in Translocations
 76597 | Pan      | Noticed Byavop the pandemonium lord
 76610 | Pan      | Killed Byavop the pandemonium lord
 76780 | Pan      | Noticed Veucar the pandemonium lord
 76796 | Pan      | Killed Veucar the pandemonium lord
 77002 | Pan      | Reached skill level 23 in Translocations
 77052 | Pan      | Was forgiven by Okawaru
 77159 | Pan      | Noticed Caas the pandemonium lord
 77171 | Pan      | Killed Caas the pandemonium lord
 77782 | Pan      | Reached skill level 24 in Translocations
 77855 | Pan      | Noticed Taberoetuwk the pandemonium lord
 77868 | Pan      | Killed Taberoetuwk the pandemonium lord
 77942 | Pan      | Entered the realm of Gloorx Vloq.
 78109 | Pan      | Learned a level 4 spell: Passage of Golubria
 78116 | Pan      | Learned a level 6 spell: Dispersal
 78512 | Pan      | Reached skill level 25 in Translocations
 78677 | Pan      | Noticed Gloorx Vloq
 78736 | Pan      | HP: 13/268 [Gloorx Vloq/foul vapour (17)]
 78737 | Pan      | Killed Gloorx Vloq
 79123 | Pan      | Got a dark rune of Zot
 79544 | Pan      | Reached skill level 26 in Translocations
 79758 | Pan      | Found an exit through the horrors of the Abyss.
 80216 | Pan      | Noticed Oxtokhl Wuogg the pandemonium lord
 80240 | Pan      | Killed Oxtokhl Wuogg the pandemonium lord
 80370 | Pan      | Found a transporter.
 80502 | Pan      | Gained mutation: You occasionally lose the ability to drink
                  | potions when taking damage. [a neqoxec]
 80508 | Pan      | Lost mutation: A frigid envelope surrounds you and freezes
                  | all who hurt you. [potion of mutation]
 80508 | Pan      | Lost mutation: You are clumsy. (Dex -2) [potion of
                  | mutation]
 80508 | Pan      | Gained mutation: You are occasionally teleported next to
                  | monsters. [potion of mutation]
 80508 | Pan      | Gained mutation: You are vulnerable to heat. (rF-) [potion
                  | of mutation]
 80509 | Pan      | Lost mutation: Your spells are a little easier to cast, but
                  | a little less powerful. [potion of mutation]
 80509 | Pan      | Lost mutation: You are occasionally teleported next to
                  | monsters. [potion of mutation]
 80509 | Pan      | Lost mutation: You occasionally lose the ability to drink
                  | potions when taking damage. [potion of mutation]
 80509 | Pan      | Gained mutation: You do not regenerate when monsters are
                  | visible. [potion of mutation]
 80510 | Pan      | Lost mutation: You do not regenerate when monsters are
                  | visible. [potion of mutation]
 80510 | Pan      | Lost mutation: You are vulnerable to heat. (rF-) [potion of
                  | mutation]
 80510 | Pan      | Gained mutation: You are clumsy. (Dex -2) [potion of
                  | mutation]
 80510 | Pan      | Gained mutation: Your body sometimes deteriorates upon
                  | taking damage. [potion of mutation]
 80510 | Pan      | Gained mutation: Your muscles are strong. (Str +4, Int/Dex
                  | -1) [potion of mutation]
 80510 | Pan      | Gained mutation: Your mind is acute. (Int +4, Str/Dex -1)
                  | [potion of mutation]
 80688 | Pan      | Entered the realm of Mnoleg.
 80701 | Pan      | Acquired a book of Transfigurations
 80711 | Pan      | Learned a level 5 spell: Irradiate
 80796 | Pan      | Gained mutation: Potions are less effective at restoring
                  | your health. [a cacodemon]
 80807 | Pan      | Noticed Mnoleg
 80821 | Pan      | Gained mutation: You occasionally lose the ability to drink
                  | potions when taking damage. [a cacodemon]
 80822 | Pan      | Gained mutation: You sometimes lose your temper in combat.
                  | [a cacodemon]
 80827 | Pan      | Killed Mnoleg
 80828 | Pan      | Reached skill level 27 in Translocations
 80832 | Pan      | Gained mutation: You occasionally lose the ability to read
                  | scrolls when taking damage. [a neqoxec]
 80839 | Pan      | Gained mutation: You occasionally shout uncontrollably at
                  | your foes. [a neqoxec]
 80848 | Pan      | Got a glowing rune of Zot
 80876 | Pan      | Gained mutation: Your spells are a little easier to cast,
                  | but a little less powerful. [a neqoxec]
 80935 | Pan      | Gained mutation: Your body often deteriorates upon taking
                  | damage. [a cacodemon]
 80971 | Pan      | Lost mutation: Your muscles are strong. (Str +4, Int/Dex
                  | -1) [potion of mutation]
 80971 | Pan      | Lost mutation: You sometimes lose your temper in combat.
                  | [potion of mutation]
 80971 | Pan      | Lost mutation: You occasionally lose the ability to drink
                  | potions when taking damage. [potion of mutation]
 80971 | Pan      | Gained mutation: Your mind is very acute. (Int +8, Str/Dex
                  | -2) [potion of mutation]
 80972 | Pan      | Lost mutation: Your body often deteriorates upon taking
                  | damage. [potion of mutation]
 80972 | Pan      | Lost mutation: You are clumsy. (Dex -2) [potion of
                  | mutation]
 80972 | Pan      | Lost mutation: Your mind is very acute. (Int +8, Str/Dex
                  | -2) [potion of mutation]
 80972 | Pan      | Lost mutation: Your mind is acute. (Int +4, Str/Dex -1)
                  | [potion of mutation]
 80972 | Pan      | Gained mutation: You are partially covered in iridescent
                  | scales. (AC +2) [potion of mutation]
 80973 | Pan      | Lost mutation: Potions are less effective at restoring your
                  | health. [potion of mutation]
 80973 | Pan      | Lost mutation: Your spells are a little easier to cast, but
                  | a little less powerful. [potion of mutation]
 80973 | Pan      | Lost mutation: Your body sometimes deteriorates upon taking
                  | damage. [potion of mutation]
 80973 | Pan      | Gained mutation: Your spells are a little easier to cast,
                  | but a little less powerful. [potion of mutation]
 80973 | Pan      | Gained mutation: Your mind is acute. (Int +4, Str/Dex -1)
                  | [potion of mutation]
 80974 | Pan      | Lost mutation: Your spells are a little easier to cast, but
                  | a little less powerful. [potion of mutation]
 80974 | Pan      | Lost mutation: You occasionally shout uncontrollably at
                  | your foes. [potion of mutation]
 80974 | Pan      | Gained mutation: Your spells are a little easier to cast,
                  | but a little less powerful. [potion of mutation]
 80974 | Pan      | Gained mutation: Your tail ends in a venomous barb. [potion
                  | of mutation]
 80975 | Pan      | Lost mutation: Your spells are a little easier to cast, but
                  | a little less powerful. [potion of mutation]
 80975 | Pan      | Lost mutation: Your mind is acute. (Int +4, Str/Dex -1)
                  | [potion of mutation]
 80975 | Pan      | Lost mutation: You are partially covered in iridescent
                  | scales. (AC +2) [potion of mutation]
 80975 | Pan      | Gained mutation: Your tail ends in a sharp venomous barb.
                  | [potion of mutation]
 80975 | Pan      | Gained mutation: You have a pair of small horns on your
                  | head. [potion of mutation]
 80975 | Pan      | Gained mutation: Your spells are a little easier to cast,
                  | but a little less powerful. [potion of mutation]
 80975 | Pan      | Lost mutation: Your spells are a little easier to cast, but
                  | a little less powerful. [potion of mutation]
 80976 | Pan      | Lost mutation: You occasionally lose the ability to read
                  | scrolls when taking damage. [potion of mutation]
 80976 | Pan      | Lost mutation: You have a pair of small horns on your head.
                  | [potion of mutation]
 80976 | Pan      | Lost mutation: Your tail ends in a sharp venomous barb.
                  | [potion of mutation]
 80976 | Pan      | Gained mutation: Your mind is acute. (Int +4, Str/Dex -1)
                  | [potion of mutation]
 81045 | Pan      | Noticed Fefatyur the pandemonium lord
 81063 | Pan      | Entered the realm of Cerebov.
 81757 | Pan      | Identified the +1 robe "Afapnev" {rN+ rCorr}
 81832 | Pan      | Identified the staff of earth "Xolej" {rC++}
 81864 | Pan      | Identified the +7 lajatang of the Wasteland {pain, rPois
                  | rF+ rN+++ Int-3}
 81864 | Pan      | Identified the ring "Zyocur" {*Slow rN+ Will+ AC+4 SInv}
 81884 | Pan      | Identified the +1 plate armour "Jachoff" {rPois Str+4 Int-5
                  | Dex+2}
 81908 | Pan      | Found the +6 sword of Cerebov {flame}
 81908 | Pan      | Noticed Cerebov
 81947 | Pan      | Killed Cerebov
 82357 | Pan      | Got the Lectures on the Blaze
 82368 | Pan      | Got a fiery rune of Zot
 82371 | Pan      | Identified the +0 chain mail of the Eternal Fruit {rElec
                  | rCorr Int-4}
 82404 | Pan      | Identified the +6 falchion of Propriety {spect, rElec rPois
                  | rF++ Int-4}
 82960 | Depths:2 | Escaped Pandemonium
 83191 | Elf:1    | Bought Onnamatotz's Omnibus of the Tesseract and Phlogiston
                  | for 750 gold pieces
 83264 | Orc:2    | Bought a scroll of amnesia for 68 gold pieces
 83264 | Orc:2    | Bought a scroll of butterflies for 68 gold pieces
 83264 | Orc:2    | Bought 2 scrolls of immolation for 136 gold pieces
 84054 | Hell     | Entered the Vestibule of Hell
 84058 | Hell     | Noticed Geryon
 84069 | Hell     | Killed Geryon
 84115 | Hell     | Noticed Murray
 84128 | Hell     | Killed Murray
 84186 | Hell     | Found a gateway to the decaying netherworld of Tartarus.
 84251 | Hell     | Found a gateway to the ashen valley of Gehenna.
 84444 | Hell     | Found a gateway to the Iron City of Dis.
 84582 | Hell     | Found a gateway to the freezing wastes of Cocytus.
 84803 | Tar:1    | Entered Level 1 of Tartarus
 84934 | Tar:1    | Reached skill level 5 in Spellcasting
 85622 | Zot:5    | Got the Orb of Zot
 86154 | D:$      | Escaped with the Orb!

Illustrated notes

Levels and vault maps discovered:
D:1:      lightli_molten_gateway, layout_basic, ebering_ecumenical_altar_rust,
          minmay_tetromino_s4
D:2:      layout_basic, minivault_24
D:3:      layout_loops_corners, nicolae_sif_muna_little_library,
          corexii_item_surrounded_by_moat
D:4:      layout_basic, lemuel_doored_altar, minmay_vboxes
D:5:      layout_basic, nicolae_overflow_hidden_temple, amcnicky_altar_gilded,
          minmay_temple_entry_drinking_statues, chequers_serial_rivers_large_a,
          palyth_stone_intersect, uniq_pikel
D:6:      layout_loops_cross
D:7:      nicolae_cairo_tiling_large_dashed, layout_loops_cross,
          overflow_temple_1_default
D:8:      nicolae_cairo_tiling_large, layout_loops_corners,
          kennysheep_slug_shrine, lemuel_round_altar
D:9:      cheibrodos_fzero, layout_basic, fedhas_altar_4,
          due_lair_maze_entry_diamond
D:10:     layout_long_grid, mainiacjoe_overflow_boulevard, uniq_joseph,
          uniq_lodul, uniq_snorg
D:11:     layout_basic, minmay_holes
D:12:     layout_loops_ring, zombieorc2_lemuel
D:13:     layout_cross, gauntlet_entry_generic
D:14:     layout_irregular_city, okawaru_trees_2, kennysheep_generic_room_12,
          uniq_frances, uniq_kirke
D:15:     hangedman_depths_entry_try_elsewhere_first, layout_cave_pools,
          nrook_pool_corridor, dancing_weapons_uskayaw
Temple:   chequers_temple_sunken
Lair:1:   layout_cave_pods, hibernation_bobbens, grunt_megastairs_2
Lair:2:   layout_small_grid, nicolae_spider_entry_orb_guardian,
          grunt_megastairs_3
Lair:3:   layout_roguey, palyth_hydra_swamp_entry, grunt_megastairs_5,
          uniq_urug, uniq_rupert, uniq_josephine
Lair:4:   layout_gridlike, slime_entry_1, lemuel_fruit_fields
Lair:5:   hangedman_lair_in_review, layout_gridlike, wormcave,
          ebering_ghost_disaster_area, minivault_27
Swamp:1:  layout_basic_swamp, ebering_ghost_disaster_area,
          evilmike_swamp_ruin_wall, infiniplex_staircase_pool
Swamp:2:  layout_falls_marsh, hangedman_swamp_ruin_wall
Swamp:3:  layout_basic_swamp, hangedman_swamp_ruin_hall
Swamp:4:  swamp_basic_johnstein, layout_basic_swamp, swamp_pool1,
          nicolae_swamp_round_clearing, grunt_ruined_hall
Spider:1: layout_chambers, uniq_azrael, uniq_louise
Spider:2: layout_spider_delve, uniq_arachne
Spider:3: layout_spider_delve
Spider:4: spider_rune_water, uniq_donald
Slime:1:  cheibrodos_slime_lost_civilization_9, layout_caves
Slime:2:  layout_caves
Slime:3:  layout_caves
Slime:4:  layout_caves, basic_altar
Slime:5
Orc:1:    layout_caves
Orc:2:    kennysheep_orc_mage_school, layout_diamond_mine, uniq_saint_roka
Elf:1:    eino_elf_arrival_sip, layout_gridlike, serial_shops,
          nicolae_shop_advertising_works [nicolae_subvault_shop_adworks],
          hangedman_elf_disciples, nicolae_rare_books, minmay_shop_star
Elf:2:    elven_hall_of_blades_hangedman_alternative
          [nicolae_blade_little_rooms], layout_rooms, serial_shops, shop,
          kilobyte_mutagenic_chamber, uniq_nikola
Elf:3:    minmay_elf_hall_furrowed, layout_gridlike, nicolae_elf_v_pinch,
          st_stairs_11
Vaults:1: vaults_dpeg_encased_lava, grunt_vaults_focal,
          ontoclasm_vaults_ligature, nicolae_vaults_theta,
          vaults_standard_mumra_lines, nicolae_vaults_border_crossing,
          layout_vaults_chaotic_city
Vaults:2: nicolae_vaults_stairing_the_circle, minmay_crypt_entry_simple_corners,
          v_alt_pattern_1, grunt_vaults_funnel, v_misc_1, v_misc_13,
          vaults_room_fancy_cross, nicolae_vaults_little_squares_4, v_misc_26,
          nicolae_vaults_yaktaur_gun_rack, dpeg_vaults_monster_box,
          layout_vaults_omnicross, uniq_mennas
Vaults:3: nicolae_vaults_network_barrier, nicolae_vaults_specimen_jars,
          hangedman_vaults_snaps, vaults_room_pools, v_misc_22,
          hangedman_vaults_impose, vaults_room_door_hall,
          layout_vaults_quadrants, enter_trove_0
Vaults:4: vaults_room_pools, nicolae_vaults_ninety_degrees, v_alt_pattern_1,
          v_misc_33, nicolae_vaults_inception_scallops, v_misc_29,
          grunt_vaults_hallway_long, hangedman_vaults_pinch, v_misc_17,
          ontoclasm_vaults_decontamination, v_pattern_3, layout_vaults_omnibox,
          serial_shops, bzr_in_the_mist
Vaults:5
Crypt:1:  layout_misc_corridors, grunt_crypt_arrival_split,
          lemuel_upstairs_altar
Crypt:2:  layout_misc_corridors, basic_altar
Crypt:3:  lightli_unholy_cathedral, layout_chaotic_city,
          tomb_entry_forgotten_bobbens, ebering_ghost_xom, uniq_margery
Depths:1: minmay_the_grid_four_pointed_star [minmay_the_grid_triangle_9x9_alien,
          minmay_the_grid_triangle_9x9_negative_grid,
          minmay_the_grid_triangle_9x9_windchime,
          minmay_the_grid_triangle_9x9_from_above,
          minmay_the_grid_prize_trominoes], layout_honeycomb, abyss_entry,
          kennysheep_minor_cross, grunt_pan_entry_sceptre, pf_coc_iceberg,
          nicolae_shop_vocational, uniq_enchantress
Depths:2: emtedronai_trogs_sanctum, layout_gridlike, pan_entry,
          lightli_too_deep, pdpol_wu_jian_five_deadly_venoms,
          grunt_megastairs_4, infiniplex_staircase_trident,
          serial_bayou_shore_b, serial_bayou_shore_b
Depths:3: evilmike_cross, layout_basic, hangedman_abyss_or_decor_lesser_grid,
          minmay_room_of_horrors, hell_entry, nicolae_elyvilon_peaceful_grove,
          infiniplex_staircase_split_hallway
Depths:4: grunt_zot_entry_tricorne, layout_basic, enter_ziggurat_c,
          minmay_crystal_water, pf_vacation_house_of_asmodeus,
          minmay_shop_grove, uniq_xtahua
Hell
Tar:1:    layout_honeycomb
Zot:1:    layout_gridlike, uniq_josephina
Zot:2:    ebering_greatest_show_in_zot, layout_misc_corridors,
          ebering_ghost_xom, uniq_tiamat
Zot:3:    layout_misc_corridors, guppyfry_library_mini
Zot:4:    layout_twisted_circle, ebering_ghost_reflecting_pool
Zot:5:    layout_gridlike

Skill      XL: |  1  2  3  4  5  6  7  8  9 10 11 12 13 14 15 16 17 18 19 20 21 22 23 24 25 26 27 |
---------------+----------------------------------------------------------------------------------+-----
Stealth        | 1 2 3 7 9 10 14 15 16 | 16.0
Axes           | 3 4 5 6 9 10 13 15 16 17 18 | 18.0
Shields        | 5 8 10 11 12 14 | 14.0
Throwing       | 2 5 6 8 11 13 14 15 16 19 20 | 20.0
Armour         | 3 5 6 7 10 11 12 13 14 15 | 15.5
Invocations    | 2 6 7 9 11 21 | 21.0
Fighting       | 4 6 9 10 12 13 15 16 17 18 19 20 21 | 21.4
Evocations     | 4 7 8 9 12 16 17 | 17.2
Dodging        | 3 6 7 9 |  9.0
Translocations | 3 6 8 10 27 | 27.0
Transmutations | 1 6 7 8 9 16 | 16.1
Spellcasting   | 3 5 |  5.0
Air Magic      | 5 7 |  7.0

Action                     |  1- 3 |  4- 6 |  7- 9 | 10-12 | 13-15 | 16-18 | 19-21 | 22-24 | 25-27 || total
---------------------------+-------+-------+-------+-------+-------+-------+-------+-------+-------++-------
  Melee: War axe           |   108 |   123 |   268 |   420 |   806 |   109 |       |       |       ||  1834
         Morningstar       |       |       |       |    12 |    34 |    85 |    51 |       |       ||   182
         Constrict         |       |       |       |       |   204 |   250 |   246 |   215 |   650 ||  1565
         Broad axe         |       |       |       |       |    15 |  1068 |  1271 |  1440 |  1976 ||  5770
         Unarmed           |       |       |       |       |     2 |       |       |       |       ||     2
         Labrys            |       |       |       |       |       |       |       |       |  1731 ||  1731
  Throw: Dart              |       |       |       |    15 |     4 |    14 |       |     4 |     1 ||    38
         Boomerang         |       |       |       |       |     2 |     5 |    30 |     6 |   114 ||   157
         Javelin           |       |       |       |       |       |       |       |     4 |    44 ||    48
   Cast: Wereblood         |       |       |       |       |       |       |    21 |    22 |    64 ||   107
         Apportation       |       |       |       |       |       |       |       |     3 |       ||     3
         Manifold Assault  |       |       |       |       |       |       |       |       |    60 ||    60
         Swiftness         |       |       |       |       |       |       |       |       |     1 ||     1
         Lesser Beckoning  |       |       |       |       |       |       |       |       |     2 ||     2
         Vhi's Electric Ch |       |       |       |       |       |       |       |       |    47 ||    47
 Invoke: Heroism           |       |       |       |     2 |     5 |     4 |     6 |     6 |     4 ||    27
         Finesse           |       |       |       |       |     2 |       |     1 |     2 |     3 ||     8
         Cleansing Flame   |       |       |       |       |       |       |       |       |     5 ||     5
         Divine Shield     |       |       |       |       |       |       |       |       |     1 ||     1
         Summon Divine War |       |       |       |       |       |       |       |       |     1 ||     1
Ability: Spit Poison       |     2 |     6 |     5 |     2 |       |       |       |       |       ||    15
  Evoke: Wand              |       |       |       |     1 |     6 |     5 |       |     5 |    17 ||    34
         Phial of floods   |       |       |       |       |       |     1 |       |       |       ||     1
         Lightning rod     |       |       |       |       |       |       |       |     4 |       ||     4
    Use: Scroll            |       |     6 |     4 |    11 |    10 |    11 |     1 |     5 |    29 ||    77
         Potion            |       |     2 |       |     3 |       |     3 |     1 |     8 |    20 ||    37
   Stab: Distracted        |       |       |     1 |    15 |    21 |     4 |     4 |     2 |     1 ||    48
         Sleeping          |       |       |       |     7 |     5 |    14 |    27 |    13 |     1 ||    67
         Petrified         |       |       |       |       |     4 |       |       |       |       ||     4
 Armour: Scale mail        |    81 |    68 |   133 |     1 |    10 |   838 |   310 |       |       ||  1441
         Steam dragon scal |       |       |       |    39 |       |       |       |       |       ||    39
         Troll leather arm |       |       |       |   216 |   377 |   517 |       |       |       ||  1110
         Animal skin       |       |       |       |       |       |   138 |       |       |       ||   138
         Leather armour    |       |       |       |       |       |       |   263 |       |       ||   263
         Ring mail         |       |       |       |       |       |       |   414 |   438 |       ||   852
         Plate armour      |       |       |       |       |       |       |       |   418 |  1363 ||  1781
         Gold dragon scale |       |       |       |       |       |       |       |       |   879 ||   879
  Dodge: Dodged            |    41 |    57 |    73 |   133 |   129 |   321 |   451 |   689 |  1658 ||  3552
  Block: Buckler           |    25 |    36 |    42 |     2 |       |       |       |       |       ||   105
         Kite shield       |       |       |       |   252 |   325 |   386 |   757 |   775 |  2495 ||  4990
         Tower shield      |       |       |       |       |   156 |   699 |       |       |       ||   855
         Reflection        |       |       |       |       |       |     6 |    59 |    19 |    43 ||   127

Table legend: (Time is in decaauts)
 A = Elapsed time spent in this place.
 B = Non-inter-level travel time spent in this place.
 C = Inter-level travel time spent in this place.
 D = Time resting spent in this place.
 E = Time spent auto-exploring this place.
 F = Levels seen in this place.
 G = Mean time per level.
                   A        B        C        D        E       F      G
               +--------+--------+--------+--------+--------+-----+--------+
         Total |  95993 |  82148 |  13845 |  15037 |  45612 |  82 | 1170.6 |
       Dungeon |  20548 |  16400 |   4148 |   1559 |  11739 |  15 | 1369.9 |
        Temple |    306 |    241 |     65 |      0 |    231 |   1 |  306.0 |
          Lair |   8309 |   6725 |   1584 |    491 |   4546 |   5 | 1661.8 |
         Swamp |   5700 |   5541 |    159 |   1474 |   2803 |   4 | 1425.0 |
   Spider Nest |   7333 |   6626 |    707 |   1973 |   3124 |   4 | 1833.2 |
    Slime Pits |   1700 |   1518 |    182 |    595 |    366 |   5 |  340.0 |
  Orcish Mines |   2652 |   1712 |    940 |    202 |    956 |   2 | 1326.0 |
   Elven Halls |   5547 |   4910 |    637 |   1145 |   2450 |   3 | 1849.0 |
        Vaults |  10752 |   8730 |   2022 |    766 |   5958 |   5 | 2150.4 |
         Crypt |   3036 |   2663 |    373 |      0 |   1958 |   3 | 1012.0 |
        Depths |   8941 |   7084 |   1857 |   2113 |   3168 |   4 | 2235.2 |
          Hell |    813 |    694 |    119 |      5 |    459 |   1 |  813.0 |
      Tartarus |    355 |    323 |     32 |      3 |    248 |   1 |  355.0 |
           Zot |   7639 |   6626 |   1013 |   1625 |   3496 |   5 | 1527.8 |
         Abyss |   1462 |   1462 |      0 |    233 |      0 |   5 |  292.4 |
   Pandemonium |   9996 |   9996 |      0 |   2729 |   3745 |  16 |  624.8 |
        Bazaar |    107 |    107 |      0 |      0 |     95 |   1 |  107.0 |
         Trove |     53 |     53 |      0 |      0 |      8 |   1 |   53.0 |
      Gauntlet |    737 |    737 |      0 |    120 |    255 |   1 |  737.0 |
               +--------+--------+--------+--------+--------+-----+--------+

Top non-repeatable levels by time:
Depths:1: 3234 daAuts
 Swamp:4: 2956 daAuts
Depths:2: 2844 daAuts
   Elf:3: 2618 daAuts
Vaults:3: 2592 daAuts
   Zot:5: 2548 daAuts
Vaults:5: 2305 daAuts
Vaults:2: 2237 daAuts
Depths:4: 2178 daAuts
Spider:1: 2155 daAuts
  Lair:5: 2029 daAuts
Vaults:1: 2017 daAuts
Spider:4: 1965 daAuts
    D:14: 1912 daAuts
Spider:3: 1909 daAuts
